 Dungeon Crawl Stone Soup version 0.31-a0-221-gbddc013574 (webtiles) character file.

Game seed: 1140265954127836207

37 qw the Shooter (level 3, -3/21 HPs)
             Began as a Gargoyle Hexslinger on July 4, 2023.
             Killed from afar by Sigmund (7 damage)
             ... with a puff of flame
             ... on level 2 of the Dungeon.
             The game lasted 00:00:24 (921 turns).

qw the Shooter (Gargoyle Hexslinger)                 Turns: 921, Time: 00:00:24

Health: -3/21      AC:  6    Str: 11    XL:     3   Next: 39%
Magic:  4/4        EV: 12    Int: 13    God:
Gold:   25         SH:  0    Dex: 14    Spells: 3/4 levels left

rFire   . . .        Y - +1 sling
rCold   . . .        (no shield)
rNeg    + . .        c - +0 robe
rPois   inf          (no helmet)
rElec   +            (no cloak)
rCorr   .            (no gloves)
SInv    .            e - +0 pair of boots
Will    .....        (no amulet)
Stlth   +            (no ring)
HPRegen 0.23/turn    (no ring)
MPRegen 0.09/turn

%: no passive effects
@: no status effects
A: sickness immunity, AC +3, negative energy resistance 1, electricity
resistance, torment resistance 1, petrification resistance
a: no special abilities


You were on level 2 of the Dungeon.
You visited 1 branch of the dungeon, and saw 2 of its levels.

You collected 25 gold pieces.


Innate Abilities, Weirdness & Mutations

You are immune to sickness and miasma.
Your stone body is resilient. (AC +3)
You are immune to poison.
You resist negative energy. (rN+)
You are resistant to electric shocks. (rElec)
You are resistant to unholy torment.
You are immune to petrification.


   Skills:
 - Level 2.0 Fighting
 + Level 3.3 Ranged Weapons
 - Level 1.5 Dodging
 - Level 1.0 Spellcasting
 - Level 2.6 Hexes


You had 3 spell levels left.
You knew the following spells:

 Your Spells              Type           Power      Damage    Failure   Level
a - Slow                  Hex            28%        N/A       10%         1

Your spell library contained the following spells:

 Spells                   Type           Power      Damage    Failure   Level
 Inner Flame              Hex/Fire       4%         N/A       43%         3
 Portal Projectile        Hex/Tloc       8%         N/A       43%         3
 Cause Fear               Hex            3%         N/A       67%         4

Inventory:

Hand Weapons
 Y - a +1 sling (weapon)
Armour
 c - a +0 robe (worn)
 e - a +0 pair of boots (worn)
Potions
 g - a potion of berserk rage {unknown}
 h - a potion of curing

Dungeon Overview and Level Annotations

Branches:
Dungeon (2/15)

Altars:

Annotations:
D:2 Sigmund


Message History

Enter note:
903 ||| STILL FLEEEEING.
904 ||| STILL FLEEEEING.
A puff of flame appears from out of thin air!
The puff of flame hits you.
905 ||| STILL FLEEEEING.
Enter note:
906 ||| STILL FLEEEEING.
Enter note:
907 ||| STILL FLEEEEING.
908 ||| FLEEEEING.
You are confused.
909 ||| DRINKING 2 potions of curing.
You feel better.
909 ||| (to cure confusion)
The goblin unwields a +0 club.
The goblin wields a +0 sling.
The goblin shoots a sling bullet.
The sling bullet misses you.
You shoot a sling bullet.
The sling bullet barely misses the goblin.
You shoot a sling bullet. The sling bullet hits the goblin!
You kill the goblin!
You shoot a sling bullet. Something hits you!
913 ||| STILL FLEEEEING.
914 ||| STILL FLEEEEING.
915 ||| STILL FLEEEEING.
916 ||| STILL FLEEEEING.
917 ||| STILL FLEEEEING.
You shoot a sling bullet.
A puff of flame appears from out of thin air!
The puff of flame hits you.
A puff of flame appears from out of thin air!
The puff of flame hits you.
You shoot a sling bullet. You shoot a sling bullet.
Something hits you but does no damage.
You shoot a sling bullet.
You hear some strange, mumbled words.
A puff of flame appears from out of thin air!
The puff of flame hits you!
You die...

...........###
....#.......# # ..
#...###.##.. .
#...##..... ...
#.......##.....
#.......##.#..
#{............
#####.......#.##
#...@.####....#
#.....# ##.####
#.....###..####..
#.................
#.................
#.....####........
#.....# #.......(
#.....# #########
#<....#


There were no monsters in sight!

Vanquished Creatures
  An adder (D:2)
  3 ball pythons (D:1)
  3 endoplasms
  2 giant cockroaches (D:1)
  4 goblins
  4 kobolds (D:1)
  A quokka (D:1)
  4 bats
  A frilled lizard (D:1)
  2 rats (D:1)
25 creatures vanquished.

Notes
Turn   | Place    | Note
-------+----------+-------------------------------------------
     0 | D:1      | qw the Gargoyle Hexslinger began the quest for the Orb.
     0 | D:1      | Reached XP level 1. HP: 12/12 MP: 2/2
     0 | D:1      | 0 ||| qw: Version: 0.3-a-41-g9d075ac
     0 | D:1      | 0 ||| qw: Game counter: 813
     0 | D:1      | 0 ||| qw: Melee chars always use a shield: true
     0 | D:1      | 0 ||| qw: God list: Okawaru
     0 | D:1      | 0 ||| qw: Allow faded altars: false
     0 | D:1      | 0 ||| qw: Do Orc after clearing Dungeon:15 true
     0 | D:1      | 0 ||| qw: Do second Lair branch before Depths: true
     0 | D:1      | 0 ||| qw: Lair rune preference: random
     0 | D:1      | 0 ||| qw: Goals: Normal
     0 | D:1      | 0 ||| PLANNING D:1-11
   218 | D:1      | Reached XP level 2. HP: 16/16 MP: 3/3
   392 | D:1      | Reached skill level 3 in Ranged Weapons
   512 | D:1      | Found a faded altar of an unknown god.
   793 | D:1      | 793 ||| UPGRADING to +0 pair of boots.
   798 | D:1      | 798 ||| READING scroll labelled FAGOVV VIMM.
   801 | D:1      | 801 ||| READING scroll labelled JAULIO EKELO.
   802 | D:1      | 802 ||| DRINKING 3 golden potions.
   803 | D:1      | 803 ||| DROPPING scroll of poison.
   835 | D:2      | 835 ||| STAIRDANCE
   838 | D:1      | Reached XP level 3. HP: 19/21 MP: 4/4
   893 | D:2      | Noticed Sigmund
   899 | D:2      | 899 ||| FLEEEEING.
   900 | D:2      | 900 ||| FLEEEEING.
   908 | D:2      | 908 ||| FLEEEEING.
   909 | D:2      | 909 ||| DRINKING 2 potions of curing.
   909 | D:2      | 909 ||| (to cure confusion)
   918 | D:2      | HP: 3/21 [something/puff of flame (5)]
   921 | D:2      | Killed from afar by Sigmund

Levels and vault maps discovered:
D:1:      giann_bridges, layout_basic, serial_forest, infiniplex_forest_end_1,
          infiniplex_forest_straight_4, infiniplex_forest_lined_2,
          infiniplex_forest_clump_small, infiniplex_forest_end_2,
          infiniplex_forest_fountain, infiniplex_forest_clump_small,
          infiniplex_forest_clump_small, infiniplex_forest_clump_cross,
          ebering_ecumenical_altar_webs
D:2:      layout_rooms, uniq_robin, uniq_natasha, uniq_jessica, uniq_sigmund

Skill      XL: |  1  2 |
---------------+-------+-----
Ranged Weapons | 3 |  3.3
Fighting       | 2 |  2.0
Dodging        | |  1.5
Spellcasting   | |  1.0
Hexes          | |  2.6

Action                     || total
---------------------------++-------
   Fire: Sling             ||    88
    Use: Scroll            ||     2
         Potion            ||     2
 Armour: Robe              ||     6
  Dodge: Dodged            ||    26

Table legend:
 A = Non-vault XP
 B = Vault XP
 C = Vault XP percentage of total XP
 D = Non-vault monster count
 E = Vault monster count
 F = Vault count percentage of total count
                 A         B        C        D         E       F
            +---------+---------+-------+---------+---------+-------
      Total |      53 |       0 |   0.0 |      25 |       0 |   0.0
            +---------+---------+-------+---------+---------+-------
        D:1 |      34 |       0 |   0.0 |      21 |       0 |   0.0
        D:2 |      19 |       0 |   0.0 |       4 |       0 |   0.0
            +---------+---------+-------+---------+---------+-------
